 Dungeon Crawl Stone Soup version 0.31.0-12-g77e489cdc1 (webtiles) character file.

Game seed: 17908233171972250961

210 Arctor the Magician (level 5, -5/42 HPs)
             Began as a Deep Elf Fire Elementalist on Feb 16, 2024.
             Slain by a scorpion (6 damage)
             ... on level 4 of the Dungeon.
             The game lasted 00:02:26 (4441 turns).

Arctor the Magician (Deep Elf Fire Elementalist)    Turns: 4441, Time: 00:02:26

Health: -5/42      AC:  4    Str: 11    XL:     5   Next: 56%
Magic:  5/13       EV: 13    Int: 22    God:
Gold:   173        SH:  0    Dex: 15    Spells: 6/12 levels left

rFire   . . .        q - +0 spear (venom)
rCold   . . .        (no shield)
rNeg    . . .        a - +0 robe
rPois   .            (no helmet)
rElec   .            e - +0 cloak
rCorr   .            c - +0 pair of gloves
SInv    .            (no boots)
Will    +....        (no amulet) Stlth
                     f - ring of willpower
HPRegen 0.27/turn    l - +6 ring of strength
MPRegen 0.13/turn

%: no passive effects
@: berserking, lethally poisoned (-5 -> -16), very quick
A: no striking features
a: no special abilities


You were on level 4 of the Dungeon.
You visited 1 branch of the dungeon, and saw 4 of its levels.

You collected 173 gold pieces.

Inventory:

Hand Weapons
 q - a +0 spear of venom (weapon)
Missiles
 p - 3 silver javelins
Armour
 a - a +0 robe (worn)
 c - a +0 pair of gloves (worn)
 e - a +0 cloak (worn)
Jewellery
 f - a ring of willpower (left hand)
 l - a +6 ring of strength (right hand)
 s - a ring of resist corrosion
Scrolls
 g - 2 scrolls of noise {unknown}
 h - a scroll of teleportation
 i - a scroll of summoning {unknown}
 k - a scroll of amnesia {unknown}
 m - a scroll of vulnerability {unknown}
 n - a scroll of revelation {unknown}
 r - 3 scrolls of identify {unknown}
 v - a scroll of enchant armour {unknown}
Potions
 b - a potion of magic
 j - a potion of mutation {unknown}
 o - 2 potions of cancellation {unknown}
 t - a potion of lignification {unknown}
 u - 2 potions of curing {unknown}


   Skills:
 + Level 3.8 Dodging
 + Level 4.1 Stealth
 + Level 4.3 Spellcasting
 + Level 2.7 Conjurations
 + Level 4.2 Fire Magic


You had 6 spell levels left.
You knew the following spells:

 Your Spells              Type           Power      Damage    Failure   Level
a - Foxfire               Conj/Fire      80%        2x1d8     2%          1
b - Scorch                Fire           46%        2d6       2%          2
c - Volatile Blastmotes   Fire/Tloc      28%        2d12      14%         3

Your spell library contained the following spells:

 Spells                   Type           Power      Damage    Failure   Level
 Slow                     Hex            16%        N/A       11%         1
 Inner Flame              Hex/Fire       14%        N/A       14%         3
 Flame Wave               Conj/Fire      20%        2d7       26%         4
 Confusing Touch          Hex            4%         N/A       32%         3
 Sigil of Binding         Hex            4%         N/A       32%         3
 Vampiric Draining        Necr           4%         2d6       32%         3


Dungeon Overview and Level Annotations

Branches:
Dungeon (4/15)
 Temple: D:4-7

Altars:
Makhleb

Shops:
D:2 (


Message History

Confirm with . or Enter, or press ? or * to list all spells.
Flames lash the dart slug.
The dart slug is severely wounded.
The dart slug's fire resistance burns away.
You feel sick.
The foxfire hits the dart slug.
The dart slug is burned terribly!
The dart slug is almost dead.
The adder bites you but does no damage. The scorpion closely misses you.
Casting: Scorch (safe; 3% risk of failure)
Confirm with . or Enter, or press ? or * to list all spells.
Flames lash the dart slug.
You kill the dart slug!
You feel sick. The adder closely misses you. The scorpion stings you.
You are lethally poisoned!
The scorpion poisons you! The adder closely misses you.
It was a potion of berserk rage.
A red film seems to cover your vision as you go berserk!
You feel yourself moving faster!
You feel mighty!
You feel very sick. The scorpion stings you.
You are lethally poisoned!
The scorpion poisons you! The adder bites you but does no damage.
You barely miss the adder. You punch the adder!
You kill the adder!
* * * LOW HITPOINT WARNING * * *
You feel very sick. The scorpion closely misses you.
You puncture the scorpion!
The scorpion is severely wounded.
* * * LOW HITPOINT WARNING * * *
You feel very sick. The scorpion stings you.
* * * LOW HITPOINT WARNING * * *
Your magical contamination has completely faded away.
You closely miss the scorpion.
The scorpion is severely wounded.
* * * LOW HITPOINT WARNING * * *
You feel very sick. The scorpion stings you.
You die...

....# ....#
....# ### ....#
#... ....#
..... ....#
......##s...##.
#.....†@.......
#..............
#.....##.......
#..... ..[....
..... .......
..... .......
.... .......
#### .......


You could see a scorpion.

Vanquished Creatures
  Jessica (D:2)
  3 gnolls (D:3)
  8 adders
  3 dart slugs
  4 ribbon worms
  4 orcs (D:3)
  6 endoplasms
  6 goblins
  2 hobgoblins
  3 jackals (D:2)
  5 kobolds
  A quokka (D:1)
  8 ball pythons
  11 bats
  2 frilled lizards (D:1)
  7 rats
74 creatures vanquished.

Vanquished Creatures (others)
  396 foxfires
396 creatures vanquished.

Grand Total: 470 creatures vanquished

Notes
Turn   | Place    | Note
-------+----------+-------------------------------------------
     0 | D:1      | Arctor the Deep Elf Fire Elementalist began the quest for
                  | the Orb.
     0 | D:1      | Reached XP level 1. HP: 10/10 MP: 6/6
   397 | D:1      | Reached XP level 2. HP: 15/15 MP: 2/8
  1125 | D:1      | Learned a level 2 spell: Scorch
  1265 | D:1      | Reached XP level 3. HP: 19/19 MP: 5/9
  1917 | D:2      | Reached XP level 4. HP: 22/24 MP: 0/11
  2377 | D:2      | Found a burning altar of Makhleb.
  2658 | D:2      | Noticed Jessica
  2666 | D:2      | Killed Jessica
  2862 | D:2      | Found Qor Gifa's Weapon Boutique.
  2967 | D:2      | Reached XP level 5. HP: 28/28 MP: 7/13
  2971 | D:2      | Learned a level 3 spell: Volatile Blastmotes
  4441 | D:4      | HP: 1/42 [poisoned by a scorpion]
  4441 | D:4      | Slain by a scorpion

Illustrated notes

Levels and vault maps discovered:
D:1:      ebering_trefoil_3fold, layout_basic
D:2:      layout_loops_ring, basic_altar, serial_shops, nicolae_shop_waterfront,
          uniq_jessica
D:3:      layout_loops_ring, minmay_curled_crystal
D:4:      layout_gridville, serial_shops, nicolae_shop_rolled_up,
          hangedman_decor_opposing, kennysheep_small_spiral

Skill      XL: |  1  2  3  4  5 |
---------------+----------------+-----
Stealth        | 3 4 |  4.1
Dodging        | 3 |  3.8
Conjurations   | 2 |  2.7
Spellcasting   | 4 |  4.3
Fire Magic     | 4 |  4.2

Action                     |  1- 3 |  4- 6 || total
---------------------------+-------+-------++-------
  Melee: Spear             |       |     4 ||     4
         Punch             |       |     1 ||     1
   Cast: Foxfire           |   115 |   139 ||   254
         Scorch            |     3 |     6 ||     9
    Use: Scroll            |       |     1 ||     1
         Potion            |       |     1 ||     1
 Armour: Robe              |    11 |    18 ||    29
  Dodge: Dodged            |    14 |    14 ||    28
